 Dungeon Crawl Stone Soup version 0.25-a0-55-g0753fd1ad2 (webtiles) character file.

Game seed: 18026898620269059991, levelgen mode: deterministic

1855 GordonOverkill the Fighter (level 8, -4/77 HPs)
             Began as a Minotaur Berserker on Oct 25, 2019.
             Was an Elder of Trog.
             Slain by an orc warrior
             ... wielding a +0 trident
              (14 damage)
             ... in a bailey.
             The game lasted 00:04:53 (3572 turns).

GordonOverkill the Fighter (Minotaur Berserker)     Turns: 3572, Time: 00:04:54

Health: -4/77      AC:  8    Str: 24    XL:     8   Next: 89%
Magic:  7/7        EV: 12    Int:  4    God:    Trog [****..]
Gold:   278        SH:  6    Dex: 10    Spells: 7/7 levels left

rFire    + . .     SeeInvis +   A - +0 war axe
rCold    . . .     Gourm    .   q - +2 buckler
rNeg     . . .     Faith    .   p - +0 scale mail
rPois    .         Spirit   .   (helmet restricted)
rElec    .         Reflect  .   o - +0 cloak
rCorr    .         Harm     .   (no gloves)
MR       .....                  (no boots)
Stlth    ..........             (no amulet)
HPRegen  0.22/turn              n - ring of see invisible
MPRegen  0.10/turn              w - ring of protection from fire

@: berserk cooldown, slowed, very slow
A: retaliatory headbutt, horns 2
a: Berserk, Trog's Hand, Brothers in Arms, Renounce Religion


You were in a bailey.
You worshipped Trog.
Trog was greatly pleased with you.
You were very hungry.

You visited 1 branch of the dungeon, and saw 6 of its levels.
You also visited: Bailey.

You collected 278 gold pieces.

Inventory:

Hand Weapons
 t - a +0 whip of flaming
 A - a +0 war axe (weapon)
Missiles
 h - 13 boomerangs (quivered)
Armour
 o - a +0 cloak (worn)
 p - a +0 scale mail (worn)
 q - a +2 buckler (worn)
Jewellery
 n - a ring of see invisible (left hand)
 w - a ring of protection from fire (right hand)
 z - an uncursed ring of wizardry {unknown}
Wands
 x - a wand of enslavement (9)
Scrolls
 b - 2 scrolls of remove curse {unknown}
 d - a scroll of amnesia {unknown}
 i - 2 scrolls of enchant weapon {unknown}
 j - a scroll of fear {unknown}
 l - a scroll of blinking {unknown}
 r - a scroll of fog {unknown}
 u - 3 scrolls of noise {unknown}
 v - 3 scrolls of identify {unknown}
 y - a scroll of magic mapping {unknown}
 C - a scroll of acquirement {unknown}
Potions
 e - a potion of mutation {unknown}
 f - a potion of haste {unknown}
 g - 6 potions of curing
 k - a potion of brilliance {unknown}
 m - a potion of ambrosia {unknown}
 s - a potion of resistance {unknown}
 B - 2 potions of might {unknown}
 D - 2 potions of heal wounds {unknown}
 E - a potion of berserk rage {unknown}
Comestibles
 a - 9 chunks of flesh
 c - 3 rations


   Skills:
 + Level 8.8 Fighting
 + Level 8.8 Axes
 - Level 5.0 Armour
 - Level 5.0 Dodging
 - Level 4.0 Shields


You had 7 spell levels left.
You didn't know any spells.
Your spell library was empty.

Dungeon Overview and Level Annotations

Branches:
Dungeon (7/15)             Temple (0/1) D:4          Bailey (1/1)

Altars:
Ashenzari
Zin


Innate Abilities, Weirdness & Mutations

You reflexively headbutt those who attack you in melee.
You have a pair of horns on your head.


Message History

You headbutt the orc knight!
You kill the orc knight!
Trog accepts your kill.
Your Fighting skill increases to level 8!
Your Axes skill increases to level 8!
The orc closely misses you. The orc barely misses you.
The orc warrior barely misses you.
There is an open gate here.
You feel a strong urge to attack something.
You are no longer berserk.
You are exhausted.
You feel yourself slow down.
The orc warrior hits you from afar with a +0 trident!
* * * LOW HITPOINT WARNING * * *
Things that are here:
a +0 halberd; a +0 ring mail
Okay, then.
It was a potion of curing.
You feel better. The orc barely misses you.
The orc warrior hits you from afar with a +0 trident!
You die...

#.....#
#.....#
#.....#
#.))).#
#.))..#
##'oo##
##.ooo.##
#.......#
#...@...#
#.))))..#
#..)))..#
#..).)..#
##.....##
###'###
#...#
#.).#
#...#


You could see an orc knight, 2 orc warriors and 2 orcs.

Vanquished Creatures
  Pikel (D:4)
  An orc knight (Bailey)
  2 orc warriors (Bailey)
  3 slaves (D:4)
  A phantom (D:6)
  2 bullfrogs (D:6)
  A howler monkey (D:6)
  A centaur zombie (D:7)
  2 hounds (D:4)
  Crazy Yiuf (D:2)
  An orc priest (D:6)
  3 orc wizards
  A bullfrog skeleton (D:4)
  Terence (D:2)
  Natasha (twice) (D:4)
  An iguana (D:6)
  3 adders
  2 worms (D:2)
  2 dart slugs (D:2)
  5 leopard geckos
  35 orcs
  5 giant cockroaches
  7 goblins
  6 hobgoblins
  7 jackals
  A quokka (D:2)
  3 ball pythons
  4 bats
  2 frilled lizards
  8 kobolds
  9 rats
123 creatures vanquished.

Notes
Turn   | Place    | Note
-------+----------+-------------------------------------------
     0 | D:1      | GordonOverkill the Minotaur Berserker began the quest for
                  | the Orb.
     0 | D:1      | Reached XP level 1. HP: 19/19 MP: 0/0
   235 | D:1      | Reached XP level 2. HP: 27/27 MP: 1/1
   507 | D:1      | Reached ** piety under Trog
   702 | D:1      | Reached XP level 3. HP: 29/33 MP: 2/2
  1222 | D:2      | Found a runed translucent door.
  1223 | D:2      | Noticed Crazy Yiuf
  1313 | D:2      | Noticed Terence
  1317 | D:2      | Reached XP level 4. HP: 33/40 MP: 3/3
  1318 | D:2      | Found a glowing silver altar of Zin.
  1320 | D:2      | Killed Terence
  1642 | D:2      | Paralysed by Crazy Yiuf for 7 turns
  1651 | D:2      | Killed Crazy Yiuf
  1937 | D:3      | Reached *** piety under Trog
  2014 | D:3      | Reached XP level 5. HP: 44/47 MP: 4/4
  2167 | D:3      | You fall into a shaft and drop 1 floor!
  2167 | D:4      | Found a shattered altar of Ashenzari.
  2192 | D:4      | Noticed a slave
  2193 | D:4      | Noticed a slave
  2193 | D:4      | Noticed a slave
  2193 | D:4      | Noticed a slave
  2193 | D:4      | Noticed Pikel
  2202 | D:4      | Killed a slave
  2204 | D:4      | Killed a slave
  2207 | D:4      | Killed a slave
  2208 | D:4      | Killed Pikel
  2208 | D:4      | Reached skill level 5 in Fighting
  2208 | D:4      | Reached skill level 5 in Axes
  2208 | D:4      | Reached skill level 5 in Armour
  2208 | D:4      | Reached XP level 6. HP: 57/57 MP: 5/5
  2208 | D:4      | Reached XP level 7. HP: 62/62 MP: 6/6
  2283 | D:4      | Noticed Natasha
  2291 | D:4      | Killed Natasha
  2357 | D:4      | Noticed Natasha
  2363 | D:4      | Killed Natasha
  2364 | D:4      | Found a staircase to the Ecumenical Temple.
  2364 | D:4      | You fall into a shaft and drop 2 floors!
  2371 | D:6      | Reached skill level 5 in Dodging
  2385 | D:6      | Reached XP level 8. HP: 50/71 MP: 7/7
  3165 | D:7      | Found a flagged portal.
  3188 | Bailey   | Entered a bailey
  3198 | Bailey   | Reached **** piety under Trog
  3546 | Bailey   | Noticed an orc knight
  3547 | Bailey   | Noticed an orc knight
  3567 | Bailey   | Killed an orc knight
  3571 | Bailey   | HP: 1/77 [orc warrior/+0 trident (14)]
  3572 | Bailey   | Slain by an orc warrior

Levels and vault maps discovered:
D:1:      lemuel_arrival_hallway, layout_loops_ring
D:2:      layout_basic, old_standard_altar, uniq_terence,
          uniq_crazy_yiuf_cottage
D:3:      layout_rooms, kennysheep_okawaru_gauntlet, nemelex_lonely_heart_becter
D:4:      layout_basic, ashenzari_conservatory_becter, lemuel_crystal_altar,
          temple_statues, kennysheep_another_room, makhleb_heckhound_becter,
          uniq_edmund, uniq_duvessa, uniq_natasha, uniq_grinder, uniq_pikel
D:6:      layout_loops_ring, nicolae_sextant
D:7:      layout_basic, enter_bailey_2
Bailey:   bailey_polearm_5, bailey

Table legend:
 A = Non-vault XP
 B = Vault XP
 C = Vault XP percentage of total XP
 D = Non-vault monster count
 E = Vault monster count
 F = Vault count percentage of total count
                 A         B        C        D         E       F
            +---------+---------+-------+---------+---------+-------
      Total |     923 |    1728 |  65.2 |      85 |      35 |  29.2
            +---------+---------+-------+---------+---------+-------
        D:1 |      41 |       0 |   0.0 |      25 |       0 |   0.0
        D:2 |      65 |      77 |  54.2 |      23 |       2 |   8.0
        D:3 |      26 |       0 |   0.0 |      10 |       0 |   0.0
        D:4 |     223 |     686 |  75.5 |      13 |       2 |  13.3
        D:6 |     507 |       0 |   0.0 |      12 |       0 |   0.0
        D:7 |      61 |       0 |   0.0 |       2 |       0 |   0.0
     Bailey |       0 |     965 | 100.0 |       0 |      31 | 100.0
            +---------+---------+-------+---------+---------+-------
